 Dungeon Sprint DCSS version 0.30.1-11-g7821555f0a (webtiles) character file.

Game seed: 18097543099266843063

4757 Groucho the Thaumaturge (level 10, -8/61 HPs)
             Began as a Deep Elf Earth Elementalist on Jan 17, 2024.
             Was a High Priest of Sif Muna.
             Mangled by a death cob (32 damage)
             ... in the Dungeon (Sprint VII: "The Pits").
             The game lasted 00:10:09 (4897 turns).

Groucho the Thaumaturge (DEEE)                      Turns: 4897, Time: 00:10:10

Health: -8/61      AC:  4    Str:  5    XL:     10   Next: 23%
Magic:  22/29      EV: 15    Int: 28    God:    Sif Muna [*****.]
Gold:   0          SH:  0    Dex: 15    Spells: 22/35 levels left

rFire   . . .        a - +1 rapier (speed)
rCold   . . .        (no shield)
rNeg    . . .        v - +0 robe
rPois   .            (no helmet)
rElec   .            t - +0 cloak
rCorr   .            (no gloves)
SInv    .            s - +0 pair of boots
Will    +....        (no amulet)
Stlth   ++++         m - +3 ring of intelligence
HPRegen 0.30/turn    n - +3 ring of evasion
MPRegen 0.21/turn

%: no teleportation
@: lethally poisoned (-8 -> -16), hasted, very quick
A: no striking features
a: Renounce Religion, Channel Magic, Forget Spell, Divine Exegesis


You were in the Dungeon.
You worshipped Sif Muna.
Sif Muna was extremely pleased with you.
You visited 1 branch

Inventory:

Hand Weapons
 a - a +1 rapier of speed (weapon)
 h - a +2 dagger of protection
 l - a +2 dagger of electrocution
 q - a +2 rapier of distortion
Armour
 s - a +0 pair of boots (worn)
 t - a +0 cloak (worn)
 v - a +0 robe (worn)
Magical Staves
 g - a staff of death
Jewellery
 m - a +3 ring of intelligence (left hand)
 n - a +3 ring of evasion (right hand)
Scrolls
 j - 5 scrolls of amnesia
 k - a scroll of butterflies
Potions
 b - 3 potions of magic
 c - 7 potions of curing
 d - a potion of heal wounds
 f - 5 potions of berserk rage
 i - 2 potions of invisibility
 o - 4 potions of brilliance
 p - a potion of might


   Skills:
 + Level 6.5 Fighting
 - Level 7.0 Short Blades
 - Level 2.4 Dodging
 - Level 10.0 Stealth
 + Level 13.0 Spellcasting
 + Level 10.6 Conjurations
 + Level 8.7 Transmutations
 + Level 12.3 Earth Magic
 + Level 9.3 Invocations


You had 22 spell levels left.
You knew the following spells:

 Your Spells              Type           Power      Damage    Failure   Level
a - Sandblast             Erth           100%       2d20      1%          1
b - Stone Arrow           Conj/Erth      100%       3d13      1%          3
c - Petrify               Tmut/Erth      67%        N/A       1%          4
d - Irradiate             Conj/Tmut      32%        3d22      1%          5

Your spell library contained the following spells:

 Spells                   Type           Power      Damage    Failure   Level
 Passwall                 Tmut/Erth      55%        N/A       1%          2
 Wereblood                Tmut           61%        N/A       1%          2
 Ignite Poison            Fire/Tmut/Pois 34%        N/A       2%          3
 Summon Small Mammal      Summ           72%        N/A       3%          1
 Lesser Beckoning         Tloc           36%        N/A       4%          2
 Ice Form                 Ice/Tmut       42%        N/A       4%          4
 Statue Form              Tmut/Erth      44%        N/A       6%          6
 Call Canine Familiar     Summ           18%        N/A       9%          3
 Portal Projectile        Hex/Tloc       36%        N/A       9%          3
 Summon Guardian Golem    Hex/Summ       18%        N/A       9%          3
 Alistair's Intoxication  Tmut/Pois      28%        N/A       14%         5
 Yara's Violent Unravell  Hex/Tmut       21%        3d10      14%         5
 Manifold Assault         Tloc           18%        N/A       28%         4
 Dragon Form              Tmut           30%        N/A       56%         7
 Summon Forest            Summ/Tloc      9%         N/A       63%         5
 Simulacrum               Ice/Necr       9%         N/A       99%         6
 Storm Form               Tmut/Air       21%        N/A       99%         7
 Enfeeble                 Hex            9%         N/A       100%        7
 Malign Gateway           Summ/Tloc      9%         N/A       100%        7
 Polar Vortex             Ice            9%         N/A       100%        9


Dungeon Overview and Level Annotations

Branches:
Dungeon (1/1)

Altars:
Ashenzari
Cheibriados
Dithmenos
Elyvilon
Fedhas
Gozag
Hepliaklqana
Kikubaaqudgha
Makhleb
Nemelex Xobeh
Okawaru
Qazlal
Ru
Sif Muna
Trog
Uskayaw
Vehumet
Wu Jian
Xom
Yredelemnul
Zin
The Shining One
Jiyva
Lugonu


Message History

Aim: a swamp dragon (wandering, hasn't noticed you, chance to affect: 62%)
The swamp dragon roars deafeningly!
The swamp dragon resists with significant effort.
You hear a shout!
You hear a chilling moan.
The swamp dragon breathes poison at you.
A death cob comes into view.
Unknown command.
A basilisk comes into view.
Casting: Petrify (safe; 1% risk of failure)
Confirm with . or Enter, or press ? or * to list all spells.
Aiming: Petrify (safe; 1% risk of failure)
Press: ? - help, Shift-Dir - straight line, f/p - swamp dragon
Aim: a swamp dragon (catching its breath, chance to affect: 62%)
The death cob resists with significant effort.
The death cob hits you!!
Unknown command.
Unknown command.
Unknown command.
You feel yourself speed up. The death cob hits you!!
* * * LOW HITPOINT WARNING * * *
The death cob misses you.
Unknown command.
You feel much better. The death cob hits you!
The swamp dragon breathes poison at you.
The blast of poison engulfs the death cob.
The death cob completely resists.
The death cob hits you!
* * * LOW HITPOINT WARNING * * *
You hear a shout!
Unknown command.
Unknown command.
You feel much better.
You are engulfed in poison gas.
You are poisoned.
You feel very sick. The death cob completely misses you.
The death cob hits you but does no damage.
Unknown command.
The death cob attacks as you move away! The death cob hits you.
You feel sick.
You feel much better.
You feel sick. The death cob hits you! The death cob hits you!!
Ouch! That really hurt!
You die...

.#####'#####''#####
###.......##''################
.##.......##..#..............##
.##.......##..##..............#
###...<...##..####...#+######..
.##.......##..#..#####.##
.##.......##..#....##.§.#
###.......##..'.☼§☼.#.○.#○. .
##########..'.@z☼○°D..'..
############..'.○☼○○#...#l.
#....#....##..#..☼.##..○#
#....#...[##..#..#####W##
'....'..))##..#### #†#
#....#...)##..#


.DY #....#..))##..# ..... ############### ####### You could see a death cob and
a swamp dragon (catching breath).

Vanquished Creatures
  A lindwurm (D)
  A phantasmal warrior (D)
  A deep elf zephyrmancer (D)
  A freezing wraith (D)
  An ice devil (D)
  A tarantella (D)
  Prince Ribbit (D)
  A jumping spider (D)
  A ynoxinul (D)
  6 yaks (D)
  A floating eye (D)
  A small abomination (D)
  An orc warrior (D)
  6 wolves (D)
  A centaur (D)
  A scorpion (D)
  A necrophage (D)
  3 wights (D)
  3 killer bees (D)
  A hound (D)
  A gnoll bouda (D)
  4 gnolls (D)
  An adder (D)
  An ufetubus (D)
  A worm (D)
  An orc (D)
  2 ball pythons (D)
  2 hobgoblins (D)
  2 quokkas (D)
  A frilled lizard (D)
  A quokka skeleton (D)
  A quokka zombie (D)
  A rat (D)
53 creatures vanquished.

Notes
Turn   | Place    | Note
-------+----------+-------------------------------------------
     0 | D        | Groucho the Deep Elf Earth Elementalist began the quest for
                  | the Orb.
     0 | D        | Reached XP level 1. HP: 10/10 MP: 6/6
    15 | D        | Reached skill level 1 in Conjurations
    43 | D        | Found a glowing golden altar of the Shining One.
    43 | D        | Found a glowing silver altar of Zin.
    43 | D        | Found a basalt altar of Yredelemnul.
    43 | D        | Found a shimmering altar of Xom.
    43 | D        | Found an ornate altar of the Wu Jian Council.
    43 | D        | Found a bloodstained altar of Trog.
    43 | D        | Found a shimmering blue altar of Sif Muna.
    43 | D        | Found a sacrificial altar of Ru.
    43 | D        | Found a stormy altar of Qazlal.
    43 | D        | Found an iron altar of Okawaru.
    43 | D        | Found a sparkling altar of Nemelex Xobeh.
    43 | D        | Found a burning altar of Makhleb.
    43 | D        | Found a viscous altar of Jiyva.
    43 | D        | Found a hazy altar of Hepliaklqana.
    43 | D        | Found an opulent altar of Gozag.
    43 | D        | Found a blossoming altar of Fedhas.
    43 | D        | Found a white marble altar of Elyvilon.
    43 | D        | Found a shadowy altar of Dithmenos.
    43 | D        | Found a snail-covered altar of Cheibriados.
    44 | D        | Found a radiant altar of Vehumet.
    44 | D        | Found a corrupted altar of Lugonu.
    45 | D        | Found an ancient bone altar of Kikubaaqudgha.
    45 | D        | Found a hide-covered altar of Uskayaw.
    45 | D        | Found a broken altar of Ashenzari.
    46 | D        | Became a worshipper of Sif Muna the Loreminder
   245 | D        | Reached * piety under Sif Muna
   246 | D        | Reached skill level 4 in Spellcasting
   246 | D        | Reached XP level 2. HP: 15/15 MP: 6/9
   247 | D        | Noticed a floating eye
   249 | D        | Killed a floating eye
   250 | D        | Reached skill level 6 in Spellcasting
   250 | D        | Reached XP level 3. HP: 19/19 MP: 4/13
   250 | D        | Reached XP level 4. HP: 24/24 MP: 4/14
   501 | D        | Noticed a wolf
   503 | D        | Killed a wolf
   503 | D        | Reached ** piety under Sif Muna
   504 | D        | Reached skill level 8 in Spellcasting
   504 | D        | Reached XP level 5. HP: 28/28 MP: 12/17
   509 | D        | Learned a level 3 spell: Stone Arrow
   813 | D        | Reached *** piety under Sif Muna
   820 | D        | Reached **** piety under Sif Muna
   822 | D        | Reached skill level 1 in Short Blades
   824 | D        | Reached XP level 6. HP: 33/33 MP: 3/19
   829 | D        | Reached skill level 1 in Fighting
  1151 | D        | Learned a level 4 spell: Petrify
  1155 | D        | Reached ***** piety under Sif Muna
  1166 | D        | Noticed an orc warrior
  1172 | D        | Killed an orc warrior
  1172 | D        | Received a gift from Sif Muna
  1173 | D        | Got Sif Muna's Verses on the Glacial Evil Eye {god gift}
  1358 | D        | Noticed a jumping spider
  1360 | D        | Killed a jumping spider
  1361 | D        | Reached skill level 5 in Stealth
  1361 | D        | Reached skill level 9 in Spellcasting
  1361 | D        | Reached XP level 7. HP: 40/40 MP: 13/21
  1614 | D        | Reached skill level 5 in Invocations
  1867 | D        | Noticed a tarantella
  1869 | D        | Reached skill level 10 in Earth Magic
  1894 | D        | Killed a tarantella
  1894 | D        | Received a gift from Sif Muna
  1895 | D        | Reached skill level 10 in Spellcasting
  1895 | D        | Reached skill level 5 in Transmutations
  1895 | D        | Got Wittoyz's Catalogue of Movement and Shapeshifting {god
                  | gift}
  1902 | D        | Learned a level 5 spell: Irradiate
  1908 | D        | Reached XP level 8. HP: 47/47 MP: 16/24
  2162 | D        | Noticed a lindwurm
  2162 | D        | Noticed an ice devil
  2518 | D        | Killed an ice devil
  2519 | D        | Reached skill level 5 in Short Blades
  2523 | D        | Killed a lindwurm
  2524 | D        | Reached skill level 11 in Spellcasting
  3044 | D        | Noticed a phantasmal warrior
  3047 | D        | Killed a phantasmal warrior
  3048 | D        | Reached XP level 9. HP: 53/53 MP: 19/26
  3372 | D        | Noticed Prince Ribbit
  3372 | D        | Noticed a deep elf zephyrmancer
  3393 | D        | Killed a deep elf zephyrmancer
  3394 | D        | Reached skill level 5 in Fighting
  3451 | D        | Reached skill level 12 in Spellcasting
  3457 | D        | Received a gift from Sif Muna
  3458 | D        | Got Sif Muna's Tome of Non-Euclidean Lithomancy {god gift}
  3673 | D        | Killed Prince Ribbit
  3900 | D        | Noticed a swamp dragon
  3901 | D        | Noticed a freezing wraith
  3904 | D        | Reached skill level 10 in Conjurations
  3940 | D        | Killed a freezing wraith
  3941 | D        | Reached XP level 10. HP: 28/60 MP: 18/28
  4283 | D        | Received a gift from Sif Muna
  4284 | D        | Reached skill level 10 in Stealth
  4284 | D        | Got Neeju's Handbook of Creative Composition {god gift}
  4746 | D        | Reached skill level 13 in Spellcasting
  4889 | D        | Noticed a death cob
  4897 | D        | Mangled by a death cob

Illustrated notes

Levels and vault maps discovered:
D:        pitsprint [storerooms_1, entrance_room_1, metal_vault_1, armoury_1,
          mini_pit_1, grid_room_1, main_hall_1, silver_pit, the_coven_1,
          the_vestibule_1, steel_vault_1, golden_pit, hallway_of_sentries,
          crystal_vault_4, iron_vault_2, final_vault]

Skill      XL: |  1  2  3  4  5  6  7  8  9 10 |
---------------+-------------------------------+-----
Conjurations   | 2 4 6 7 8 9 10 | 10.6
Earth Magic    | 4 7 8 9 10 11 12 | 12.3
Spellcasting   | 4 6 8 9 10 11 12 13 | 13.0
Invocations    | 3 4 6 7 8 9 |  9.3
Short Blades   | 1 3 4 6 7 |  7.0
Stealth        | 3 5 6 8 9 10 | 10.0
Transmutations | 2 3 5 7 8 |  8.7
Fighting       | 2 3 4 6 |  6.5
Dodging        | |  2.4

Action                     |  1- 3 |  4- 6 |  7- 9 | 10-12 || total
---------------------------+-------+-------+-------+-------++-------
  Melee: Dagger            |       |       |     4 |       ||     4
         Rapier            |       |       |       |     4 ||     4
   Cast: Sandblast         |     9 |     4 |       |       ||    13
         Stone Arrow       |       |    19 |    49 |    10 ||    78
         Petrify           |       |       |     3 |     4 ||     7
 Invoke: Channel Magic     |       |       |     1 |       ||     1
    Use: Potion            |       |     2 |     4 |     4 ||    10
         Scroll            |       |       |     1 |       ||     1
   Stab: Petrified         |       |       |     4 |     4 ||     8
 Armour: Robe              |       |       |     6 |     2 ||     8
  Dodge: Dodged            |     2 |     2 |    20 |     4 ||    28
